Map: Prion Terraces

Players

LiquidTLO (TLO) - Winner!

  • Race: Zerg Zerg
  • League: Grandmaster

Lilbow

  • Race: Protoss Protoss

Event: DreamHack ROCCAT LotV Championship

VOD

Have the link to the VOD?

Description

Time

  • Played on: Nov. 26, 2015, 3:13 p.m.
  • Length: 8:22

All games in this series

Show
View Real Time Build Order
Export as new Build Order

LiquidTLO Zerg - Winner!

Build Orders: 3 Hatch before Pool 

Get SALT Encoding   

  12  0:01  Drone  
  13  0:12  Overlord  
  13  0:17  Drone  
  14  0:30  Drone x2  
  16  0:48  Hatchery  
  15  0:51  Drone  
  16  1:02  Drone  
  17  1:17  Hatchery  
  16  1:20  Drone  
  16  1:23  Drone  
  18  1:36  Spawning Pool  
  17  1:40  Drone  
  18  1:49  Drone  
  18  1:50  Drone  
  20  2:06  Drone x2  
  20  2:07  Drone  
  23  2:18  Overlord  
  23  2:23  Queen  
  23  2:24  Queen  
  23  2:25  Zergling x2  
  23  2:29  Extractor  
  27  2:30  Queen  
  27  2:32  Zergling x2  
  27  2:36  Drone  
  31  2:39  Drone x2  
  31  2:40  Drone  
  35  2:44  Drone  
  35  2:45  Drone  
  35  2:48  Drone  
  37  2:56  Drone  
  38  2:59  Queen  
  38  3:00  Drone  
  42  3:05  Drone  
  41  3:12  Overlord  
  41  3:17  Extractor  
  41  3:18  Drone, Queen, Extractor x2  
  41  3:24  Overlord  
  41  3:25  Spine Crawler  
  42  3:30  Queen  
  42  3:33  Zergling x4  
  42  3:34  Metabolic Boost  
  46  3:36  Drone  
  46  3:37  Zergling x4  
  49  3:43  Zergling x2  
  50  3:49  Zergling x6  
  50  3:50  Drone x3  
  50  3:52  Overlord  
  50  3:55  Evolution Chamber, Drone  
  55  3:57  Drone  
  55  3:59  Drone  
  55  4:01  Overlord  
  58  4:03  Overlord  
  58  4:10  Lair, Overlord  
  58  4:12  Drone  
  58  4:14  Drone x2  
  61  4:18  Drone x2  
  61  4:21  Zergling x4  
  61  4:23  Zergling x4  
  61  4:32  Zergling x12  
  61  4:34  Zergling x2  
  61  4:35  Zerg Melee Weapons Level 1  
  61  4:36  Zergling x2  
  61  4:37  Zergling x2  
  61  4:38  Zergling x2  
  67  4:40  Zergling x2  
  67  4:43  Zergling x2  
  67  4:44  Queen  
  71  4:48  Spine Crawler, Zergling x4  
  71  4:52  Zergling x2  
  73  4:55  Zergling x2  
  73  4:58  Zergling x4  
  73  4:59  Zergling x2  
  71  5:01  Zergling x2  
  71  5:03  Queen  
  67  5:08  Spore Crawler, Zergling x2  
  67  5:09  Zergling x2  
  67  5:11  Zergling x2  
  67  5:12  Zergling x2  
  67  5:14  Zergling x4  
  66  5:15  Zergling x4  
  66  5:17  Zergling x2  
  66  5:18  Zergling x2  
  66  5:19  Zergling x2, Queen  
  66  5:20  Zergling x2  
  74  5:21  Zergling x2  
  74  5:23  Zergling x2  
  74  5:25  Zergling x2  
  71  5:30  Drone  
  71  5:31  Spire, Zergling x2  
  70  5:36  Zergling x2  
  70  5:39  Zergling x2  
  70  5:41  Zergling x2  
  69  5:44  Drone x3  
  69  5:47  Zergling x2  
  68  5:52  Zergling x4  
  68  5:57  Queen  
  64  5:58  Zergling x2  
  64  6:03  Zergling x4  
  69  6:06  Queen x2  
  69  6:09  Zergling x2  
  74  6:14  Zergling x2  
  74  6:15  Zergling x2  
  71  6:18  Zergling x2  
  71  6:25  Zergling x4  
  65  6:31  Zergling x4  
  65  6:32  Queen  
  67  6:33  Zergling x2  
  67  6:35  Zergling x8  
  67  6:37  Drone x2  
  75  6:40  Extractor  
  75  6:41  Queen x2, Extractor x2  
  75  6:42  Zergling x6  
  75  6:43  Extractor  
  75  6:44  Mutalisk  
  79  6:47  Evolution Chamber  
  79  6:48  Mutalisk  
  79  6:51  Mutalisk  
  79  6:53  Mutalisk  
  84  7:00  Mutalisk, Spore Crawler  
  84  7:04  Drone  
  84  7:05  Drone  
  86  7:15  Drone x3  
  89  7:22  Hatchery, Overlord  
  89  7:25  Drone  
  89  7:37  Overlord  
  89  7:39  Overlord  
  89  7:40  Zergling x2  
  89  7:41  Mutalisk x2  
  89  7:43  Zergling x4  
  89  7:44  Zergling x2  
  97  7:54  Mutalisk x2  
  97  7:55  Zergling x2  
  91  8:00  Zergling x2  
Show
View Real Time Build Order
Export as new Build Order

Lilbow Protoss 

Build Orders:  

Get SALT Encoding   

  12  0:01  Probe (Chrono Boost)  
  13  0:11  Probe (Chrono Boost)  
  14  0:18  Pylon  
  14  0:22  Probe (Chrono Boost)  
  15  0:36  Probe (Chrono Boost)  
  16  0:47  Probe (Chrono Boost)  
  17  0:57  Probe (Chrono Boost)  
  18  1:06  Nexus  
  18  1:08  Probe (Chrono Boost)  
  19  1:16  Gateway  
  19  1:19  Probe (Chrono Boost)  
  19  1:25  Assimilator  
  20  1:29  Probe (Chrono Boost)  
  20  1:32  Assimilator  
  21  1:40  Probe (Chrono Boost)  
  21  1:42  Pylon  
  22  1:50  Probe (Chrono Boost)  
  23  1:56  Gateway  
  24  2:01  Probe (Chrono Boost)  
  24  2:08  Cybernetics Core  
  24  2:12  Probe (Chrono Boost)  
  25  2:18  Probe (Chrono Boost)  
  25  2:22  Probe (Chrono Boost)  
  27  2:29  Probe (Chrono Boost)  
  28  2:33  Probe (Chrono Boost)  
  29  2:43  Probe (Chrono Boost)  
  29  2:44  Stalker x2 (Chrono Boost)  
  34  2:45  Mothership Core (Chrono Boost)  
  34  2:48  Warp Gate (Chrono Boost)  
  36  2:55  Probe  
  36  2:56  Gateway  
  37  3:06  Probe  
  37  3:07  Probe  
  37  3:10  Stalker (Chrono Boost)  
  41  3:17  Stalker (Chrono Boost)  
  41  3:18  Probe  
  41  3:19  Probe  
  45  3:27  Gateway  
  45  3:30  Probe  
  45  3:31  Gateway  
  46  3:35  Pylon  
  46  3:40  Pylon  
  46  3:43  Pylon  
  46  3:53  Stalker, Probe x2  
  46  3:54  Stalker  
  50  3:59  Stalker  
  54  4:04  Gateway  
  52  4:38  Pylon  
  52  4:40  Gateway  
  52  4:45  Stalker x2  
  54  4:46  Stalker x2  
  54  4:51  Mothership Core  
  60  4:55  Zealot  
  60  5:00  Zealot  
  48  5:07  Zealot  
  48  5:08  Zealot x2  
  48  5:09  Zealot  
  48  5:11  Gateway  
  50  5:17  Adept  
  50  5:21  Adept  
  44  5:29  Zealot x3  
  44  5:30  Zealot  
  48  5:36  Zealot  
  48  5:41  Zealot x2  
  52  5:47  Zealot  
  44  5:50  Adept x3  
  50  5:58  Zealot  
  50  6:01  Zealot  
  50  6:02  Zealot  
  56  6:07  Adept x2  
  56  6:10  Sentry  
  62  6:12  Adept  
  62  6:13  Adept  
  62  6:22  Robotics Facility  
  46  6:34  Zealot x5  
  46  6:35  Adept  
  56  6:40  Adept  
  54  6:52  Adept x2  
  58  6:58  Adept x2  
  62  7:01  Pylon  
  62  7:02  Pylon x2  
  60  7:08  Warp Prism (Chrono Boost)  
  62  7:20  Mothership Core  
  62  7:22  Adept x4  
  68  7:23  Adept x2  
  68  7:26  Adept  
  78  7:31  Pylon  
  78  7:42  Stalker x2  
  80  7:55  Stalker, Zealot x3  

Tags
 
Add a new tag
Caveats
  • Supply blocks, unpowered buildings, or Contaminate may cause inaccurate times.
  • Supply counts are checked every 10 seconds.